 Dungeon Crawl Stone Soup version 0.31-a0-83-gbff143cfd1 (webtiles) character file.

Game seed: 816983987412798457

6 Esekla the Sneak (level 1, 0/16 HPs)
             Began as an Octopode Delver on May 24, 2023.
             Slain by an orc wizard
             ... wielding a +0 dagger of electrocution
              (13 damage)
             ... on level 5 of the Dungeon.
             The game lasted 00:01:08 (121 turns).

Esekla the Sneak (Octopode Delver)                   Turns: 121, Time: 00:01:09

Health: 0/16       AC:  1    Str: 11    XL:     1   Next: 90%
Magic:  1/1        EV: 13    Int: 12    God:
Gold:   0          SH:  0    Dex: 13    Spells: 0/0 levels left

rFire   . . .        a - +0 falchion
rCold   . . .        (no shield)
rNeg    . . .        (helmet restricted)
rPois   .            (no amulet)
rElec   .            (no ring)
rCorr   .            (no ring)
SInv    .            (no ring)
Will    .....        (no ring)
Stlth   ++++         (no ring)
HPRegen 0.22/turn    (no ring)
MPRegen 0.07/turn    (no ring)
                     (no ring)

%: no passive effects
@: no status effects
A: almost no armour, amphibious, 8 rings, camouflage 1, gelatinous body 1,
(nimble swimmer 1), tentacles
a: no special abilities


You were on level 5 of the Dungeon.
You visited 1 branch of the dungeon, and saw 1 of its levels.

Inventory:

Hand Weapons
 a - a +0 falchion (weapon)
 c - a +0 dagger
Wands
 f - a wand of digging (3)
Scrolls
 b - a scroll of fog
 g - a scroll of teleportation {unknown}
Potions
 d - 2 potions of might {unknown}
 e - a potion of haste


   Skills:
 * Level 3.0 Fighting
 * Level 2.0 Long Blades
 * Level 2.0 Dodging
 + Level 6.8 Stealth
 * Level 0.2 Spellcasting


You couldn't memorise any spells.
You didn't know any spells.
Your spell library was empty.

Dungeon Overview and Level Annotations

Branches:
Dungeon (5/15)
 Temple: D:4-7

Altars:


Innate Abilities, Weirdness & Mutations

You cannot wear most types of armour.
You are amphibious.
You can wear up to eight rings at the same time.
Your skin changes colour to match your surroundings (Stealth+).
Your rubbery body absorbs attacks. (AC +1, EV +1)
((You are camouflaged when in or above water. (Stealth+)))
You have tentacles for arms and can constrict up to eight enemies at once.


Message History

An orc and an ogre come into view. 2 orcs come into view.
The orc shouts! x2
You start waiting.
An orc is nearby!
You hit the orc but do no damage. You grab the orc.
You constrict the orc, but do no damage.
The orc barely misses you.
You hit the orc but do no damage.
You constrict the orc, but do no damage.
The orc misses you.
An orc wizard comes into view.
It is wielding a +0 dagger of electrocution.
The orc wizard shouts!
You hit the orc but do no damage.
You constrict the orc, but do no damage.
The orc hits you with a +0 flail.
The orc wizard mumbles some strange words.
The orc wizard flickers and vanishes!
Deactivating autopickup; reactivate with Ctrl-A.
An orc comes into view. It is wielding a +0 club.
You hit the orc.
The orc is moderately wounded.
You constrict the orc, but do no damage.
The orc misses you.
You hit the orc but do no damage. You squeeze the orc.
You kill the orc!
The orc barely misses you.
You hit the orc. You grab the orc.
The orc is moderately wounded.
You constrict the orc. The orc barely misses you.
You barely miss the orc. You squeeze the orc.
You kill the orc!
You barely miss the orc. You grab the orc. You constrict the orc.
The orc misses you.
You hit the orc. You squeeze the orc.
You kill the orc!
You barely miss something. Your squeeze misses something. Something hits you.
You are electrocuted!
Ouch! That really hurt!
You die...

*** *,* *,* *,********,* *###*,*
**,*,,,,,,,#*###..,,,* **
*,,***,,*,.#....#**,* ,*
*,,****+**#.....#*,,* ,***
*,,,*,,,,,#.....#*,** ***
,,,***,,**,*,*,#....,,,,,** **,*
,,,,,.#***,,_,,#..#****,,,****,**
,,,,.....*,*,*,#@#* *,,,,*,,**
,,,......*,,,,,#{# **,,,,***
,,.......#######o# **,,**
,.........o......# **,,*
....o............## **,,,**
..........o.......#* **,,,,,*
..............O..#.#**,,,**,***
.................##..,,,*,,,,,*
.................#*...,,,,,****


You could see an ogre (wandering) and an orc.

Vanquished Creatures
  3 orcs (D:5)
3 creatures vanquished.

Notes
Turn   | Place    | Note
-------+----------+-------------------------------------------
     0 | D:5      | Esekla the Octopode Delver began the quest for the Orb.
     0 | D:5      | Reached XP level 1. HP: 16/16 MP: 1/1
     4 | D:5      | Noticed a bullfrog
     5 | D:5      | Noticed an ice beast
    96 | D:5      | Noticed an ogre
   113 | D:5      | Noticed an orc wizard
   121 | D:5      | Slain by an orc wizard

Illustrated notes

Levels and vault maps discovered:
D:5:      layout_layer_cave, kennysheep_little_box, marbit_many_paths,
          lemuel_crystal_altar, vehumet_crystals

Action                     || total
---------------------------++-------
  Melee: Falchion          ||    10
         Constrict         ||     3
         Tentacles         ||     3
    Use: Scroll            ||     2
  Dodge: Dodged            ||     6

Table legend: (Time is in decaauts)
 A = Elapsed time spent in this place.
 B = Non-inter-level travel time spent in this place.
 C = Inter-level travel time spent in this place.
 D = Time resting spent in this place.
 E = Time spent auto-exploring this place.
 F = Levels seen in this place.
 G = Mean time per level.
                   A        B        C        D        E       F      G
               +--------+--------+--------+--------+--------+-----+--------+
         Total |    122 |    122 |      0 |      4 |      0 |   1 |  122.0 |
       Dungeon |    122 |    122 |      0 |      4 |      0 |   1 |  122.0 |
               +--------+--------+--------+--------+--------+-----+--------+

Top non-repeatable levels by time:
     D:5: 122 daAuts
